 Dungeon Crawl Stone Soup version 0.16-a0-1132-gad589c6 (webtiles) character file.

1792 RobertPalmer the Nimble (level 9, -4/56 HPs)
             Began as an Octopode Monk on Oct 7, 2014.
             Splashed by a jelly's acid (12 damage)
             ... on level 5 of the Dungeon.
             The game lasted 00:15:08 (6441 turns).

RobertPalmer the Nimble (Octopode Monk)             Turns: 6441, Time: 00:15:08

Health: -4/56      AC:  1    Str: 11    XL:     9   Next: 9%
Magic:  9/9        EV: 17    Int: 15    God:
Gold:   326        SH:  0    Dex: 14    Spells: 0 memorised, 8 levels left

rFire  . . .     SeeInvis .     a - +1 dagger (venom)
rCold  + . .     Clarity  .     (no shield)
rNeg   . . .     SustAb   .     (helmet restricted)
rPois  .         Gourm    .     (no amulet)
rElec  .         Spirit   .     i - ring of protection from fire
rCorr  .         Warding  .     c - ring of flight
rMut   .         Stasis   .     e - ring of ice
MR     .....                    (no ring)
Stlth  +++.......               (no ring)
                                (no ring)
                                (no ring)
                                (no ring)

@: not resistant to hostile enchantments, fairly stealthy
A: almost no armour, amphibious, 8 rings, constrict 8, camouflage 1, gelatinous
body 1
a: Evoke Flight


You were on level 5 of the Dungeon.
You were not hungry.

You visited 1 branch of the dungeon, and saw 7 of its levels.

You collected 326 gold pieces.


Innate Abilities, Weirdness & Mutations

You cannot wear most types of armour.
You are amphibious.
You can wear up to eight rings at the same time.
You can use your tentacles to constrict many enemies at once.
Your skin changes colour to match your surroundings (Stealth).
Your rubbery body absorbs attacks (AC +1).


   Skills:
 - Level 3.0 Fighting
 - Level 8.0 Short Blades
 + Level 8.6 Dodging
 - Level 2.6 Stealth
 - Level 4.0 Unarmed Combat


You had 8 spell levels left.
You didn't know any spells.

Inventory:

Hand weapons
 a - a +1 dagger of venom (weapon)
 b - a -1 blowgun
 j - a +3 dagger of freezing
Missiles
 f - 27 poisoned needles
 r - 5 curare-tipped needles
Magical devices
 u - a wand of flame (13)
Comestibles
 l - a slice of pizza
 m - 5 bread rations
 n - 4 meat rations
 p - a beef jerky
Scrolls
 g - a scroll of teleportation
 o - 6 scrolls of identify
 s - a scroll of remove curse
Jewellery
 c - a ring of flight (right tentacle)
 e - a ring of ice (on tentacle)
 i - a ring of protection from fire (left tentacle)
Potions
 d - 2 potions of cure mutation {unknown}
 h - a potion of invisibility {unknown}
 k - a potion of brilliance {unknown}
 q - a potion of mutation {unknown}
 t - a potion of decay {unknown}

Dungeon Overview and Level Annotations

Branches:
Dungeon (7/15)             Temple (0/1) D:4

Altars:
Cheibriados
Dithmenos
Kikubaaqudgha
Nemelex Xobeh
Okawaru
The Shining One

Shops:
D:6 :

Annotations:
D:3 Foahim's ghost, average HuFi
D:5 RobertPalmer's ghost, experienced OpMo
D:7 Dowan

...... ###### ## #.
########### #.
#.....YW..# #)
#.#######)##### #.
#.##..s...#...# ##
#Y##.@J####.#.#
#.##........#.########
#.####................
#.#..)>...............
#.#W##.=......#####.##
#.#.....###.#.##....#
#[%.Y.....#.#.#......
#.........Z.#.#......#
#.....#.#.#<.Z#.......


You could see a jelly and a giant cockroach.


Message History

* * * LOW HITPOINT WARNING * * *
The ice beast freezes you. You resist.
* * * LOW HITPOINT WARNING * * *
Unknown command.
The jelly jiggles.
There is a stone staircase leading down here.
You see here a flail.
The giant cockroach closely misses you. The giant cockroach barely misses you.
RobertPalmer's ghost says very slowly, "There's no hope."
The giant cockroach bites you.
* * * LOW HITPOINT WARNING * * *
You see here an orc skeleton.
The giant cockroach waves its antennae.
The giant cockroach bites you.
* * * LOW HITPOINT WARNING * * *
The giant cockroach bites you.
* * * LOW HITPOINT WARNING * * *
The giant cockroach bites you.
* * * LOW HITPOINT WARNING * * *
The giant cockroach closely misses you.
The jelly jiggles.
The giant cockroach bites you but does no damage.
You see here a flail.
The jelly barely misses you. The jelly barely misses you. The jelly hits you.
* * * LOW HITPOINT WARNING * * *
You are splashed with acid!
The acid burns!
You die...

Action                   |  1- 3 |  4- 6 |  7- 9 || total
-------------------------+-------+-------+-------++-------
Melee: Unarmed           |    46 |       |       ||    46
       Spear             |     2 |       |       ||     2
       Dagger            |    20 |   114 |   128 ||   262
 Fire: Blowgun           |       |    35 |    16 ||    51
Evoke: Wand              |       |       |     4 ||     4
  Use: Scroll            |     2 |     9 |     3 ||    14
       Potion            |       |     7 |     2 ||     9
 Stab: Sleeping          |     6 |     9 |    16 ||    31
  Eat: Chunk             |     2 |     6 |     8 ||    16
       Beef jerky        |       |     1 |       ||     1

Vault maps used:
D:1:      dpeg_arrival_line_fractal
D:2:      nicolae_dithmenos_shadow_blocks, uniq_iyjb, uniq_sigmund
D:3:      lemuel_round_altar, gammafunk_temple_overflow_statue, first_bread,
          uniq_jessica
D:4:      temple_doors_b, minmay_distorted, uniq_prince_ribbit1
D:5:      lemuel_crystal_altar
D:6:      lemuel_upstairs_altar, nemelex_xobeh_ov_fountains_minmay,
          serial_shops, nicolae_shop_trees, serial_glass, glass_columns_a,
          glass_columns_b
D:7:      uniq_duvessa

Notes
Turn   | Place    | Note
--------------------------------------------------------------
     0 | D:1      | RobertPalmer, the Octopode Monk, began the quest for the Orb.
     0 | D:1      | Reached XP level 1. HP: 16/16 MP: 1/1
   476 | D:1      | Reached XP level 2. HP: 21/21 MP: 2/2
   826 | D:2      | Reached skill level 4 in Dodging
  1072 | D:2      | Reached XP level 3. HP: 11/26 MP: 3/3
  1377 | D:2      | Found a shadowy altar of Dithmenos.
  1556 | D:2      | Noticed Ijyb
  1567 | D:2      | Killed Ijyb
  1567 | D:2      | Reached XP level 4. HP: 23/31 MP: 4/4
  1943 | D:2      | Reached skill level 5 in Dodging
  2220 | D:2      | Noticed Sigmund
  2227 | D:2      | Killed Sigmund
  2227 | D:2      | Reached skill level 6 in Dodging
  2227 | D:2      | Reached XP level 5. HP: 36/36 MP: 5/5
  3003 | D:3      | Found a glowing golden altar of the Shining One.
  3004 | D:3      | Found an iron altar of Okawaru.
  3178 | D:3      | Noticed Jessica
  3187 | D:3      | Killed Jessica
  3187 | D:3      | Reached XP level 6. HP: 42/42 MP: 6/6
  3365 | D:3      | Noticed Foahim's ghost (average HuFi)
  3562 | D:3      | Found an ancient bone altar of Kikubaaqudgha.
  3746 | D:4      | Reached skill level 7 in Dodging
  3794 | D:4      | Found a staircase to the Ecumenical Temple.
  4009 | D:4      | Noticed Prince Ribbit
  4037 | D:4      | Killed Prince Ribbit
  4037 | D:4      | Reached skill level 8 in Dodging
  4037 | D:4      | Reached XP level 7. HP: 21/46 MP: 7/7
  4117 | D:4      | Reached skill level 1 in Short Blades
  4245 | D:4      | Reached skill level 2 in Short Blades
  4382 | D:4      | Reached skill level 3 in Short Blades
  4648 | D:5      | Entered Level 5 of the Dungeon
  4666 | D:5      | Found a snail-covered altar of Cheibriados.
  4684 | D:5      | Noticed RobertPalmer's ghost (experienced OpMo)
  4695 | D:5      | Reached skill level 4 in Short Blades
  4695 | D:5      | Reached XP level 8. HP: 22/52 MP: 8/8
  4974 | D:5      | Reached skill level 5 in Short Blades
  5750 | D:6      | Reached skill level 6 in Short Blades
  5927 | D:6      | Found a sparkling altar of Nemelex Xobeh.
  5950 | D:6      | Reached skill level 7 in Short Blades
  6074 | D:6      | Found Yfiuk's Book Boutique.
  6222 | D:6      | Reached skill level 8 in Short Blades
  6222 | D:6      | Reached XP level 9. HP: 56/56 MP: 9/9
  6334 | D:7      | Noticed Duvessa
  6334 | D:7      | Noticed Dowan
  6335 | D:7      | Killed Duvessa
  6441 | D:5      | Splashed by a jelly's acid

Vanquished Creatures
  Prince Ribbit (D:4)
  An orc warrior (D:6)
  An ice beast (D:6)
  2 centaurs (D:5)
  Sigmund (D:2)
  Duvessa (D:7)
  An ogre (D:6)
  3 giant frogs (D:6)
  A goliath beetle (D:6)
  2 crimson imps (D:5)
  5 orc wizards
  3 orc priests (D:4)
  A hound (D:5)
  A giant frog skeleton (D:6)
  An iguana (D:4)
  7 worker ants
  Ijyb (D:2)
  Jessica (D:3)
  6 adders
  3 giant mites
  9 worms
  An adder zombie (D:5)
  2 giant geckos (D:2)
  15 orcs
  4 giant cockroaches
  10 hobgoblins
  5 jackals
  15 kobolds
  2 quokkas
  A ball python (D:2)
  11 bats
  4 giant newts
  11 goblins
  8 rats
141 creatures vanquished.
